Workbook

Sheet 取引入力
A1: 日付 | B1: 借方科目 | C1: 補助科目 | D1: 摘要（内容） | E1: 借方 | F1: 貸方 | G1: 貸方科目 | H1: 補助科目
A2: 45691 | B2: 現金 | D2: C社売上発生 | E2: 20000 | F2: 20000 | G2: 売上高
A3: 45950 | B3: 消耗品費 | D3: A商店消耗品購入 | E3: 5000 | F3: 5000 | G3: 現金
A4: 45982 | B4: 支払家賃 | D4: 家賃振込 | E4: 80000 | F4: 80000 | G4: 普通預金 | H4: A銀行
A5: 46015 | B5: 売掛金 | D5: C社売上発生 | E5: 50000 | F5: 50000 | G5: 売上高
A6: 46047 | B6: 現金 | D6: S社売上発生 | E6: 100000 | F6: 100000 | G6: 売上高
A7: 46050 | B7: 消耗品費 | D7: A商店消耗品購入 | E7: 25000 | F7: 25000 | G7: 現金
A8: 46078 | B8: 材料費 | D8: 材料費購入 B社 | E8: 10000 | F8: 10000 | G8: 現金
A9: 46081 | B9: 消耗品費 | D9: A商店消耗品購入 | E9: 25000 | F9: 25000 | G9: 現金

Sheet 仕訳帳（現金のみ）
F1: 10000
A2: 日付 | B2: 勘定科目 | C2: 摘要 | D2: 入金 | E2: 出金 | F2: 残高
A3: =IF(OR(取引入力!$B2="現金", 取引入力!G2="現金"), 取引入力!$A2, "") -> 45691 | B3: =IF(OR(取引入力!$B2="現金", 取引入力!G2="現金"), IF(取引入力!$B2="現金", 取引入力!G2, 取引入力!$B2), "") -> 売上高 | C3: =IF(OR(取引入力!$B2="現金", 取引入力!G2="現金"), 取引入力!$D2, "") -> C社売上発生 | D3: =IF(取引入力!$B2="現金", 取引入力!$E2, "0") -> 20000 | E3: =IF(取引入力!G2="現金", 取引入力!$F2, "0") -> 0 | F3: =F1+D3-E3 -> 30000
A4: =IF(OR(取引入力!$B3="現金", 取引入力!G3="現金"), 取引入力!$A3, "") -> 45950 | B4: =IF(OR(取引入力!$B3="現金", 取引入力!G3="現金"), IF(取引入力!$B3="現金", 取引入力!G3, 取引入力!$B3), "") -> 消耗品費 | C4: =IF(OR(取引入力!$B3="現金", 取引入力!G3="現金"), 取引入力!$D3, "") -> A商店消耗品購入 | D4: =IF(取引入力!$B3="現金", 取引入力!$E3, "0") -> 0 | E4: =IF(取引入力!G3="現金", 取引入力!$F3, "0") -> 5000 | F4: =F3+D4-E4 -> 25000
A5: =IF(OR(取引入力!$B4="現金", 取引入力!G4="現金"), 取引入力!$A4, "") | B5: =IF(OR(取引入力!$B4="現金", 取引入力!G4="現金"), IF(取引入力!$B4="現金", 取引入力!G4, 取引入力!$B4), "") | C5: =IF(OR(取引入力!$B4="現金", 取引入力!G4="現金"), 取引入力!$D4, "") | D5: =IF(取引入力!$B4="現金", 取引入力!$E4, "0") -> 0 | E5: =IF(取引入力!G4="現金", 取引入力!$F4, "0") -> 0 | F5: =F4+D5-E5 -> 25000
A6: =IF(OR(取引入力!$B5="現金", 取引入力!G5="現金"), 取引入力!$A5, "") | B6: =IF(OR(取引入力!$B5="現金", 取引入力!G5="現金"), IF(取引入力!$B5="現金", 取引入力!G5, 取引入力!$B5), "") | C6: =IF(OR(取引入力!$B5="現金", 取引入力!G5="現金"), 取引入力!$D5, "") | D6: =IF(取引入力!$B5="現金", 取引入力!$E5, "0") -> 0 | E6: =IF(取引入力!G5="現金", 取引入力!$F5, "0") -> 0 | F6: =F5+D6-E6 -> 25000
A7: =IF(OR(取引入力!$B6="現金", 取引入力!G6="現金"), 取引入力!$A6, "") -> 46047 | B7: =IF(OR(取引入力!$B6="現金", 取引入力!G6="現金"), IF(取引入力!$B6="現金", 取引入力!G6, 取引入力!$B6), "") -> 売上高 | C7: =IF(OR(取引入力!$B6="現金", 取引入力!G6="現金"), 取引入力!$D6, "") -> S社売上発生 | D7: =IF(取引入力!$B6="現金", 取引入力!$E6, "0") -> 100000 | E7: =IF(取引入力!G6="現金", 取引入力!$F6, "0") -> 0 | F7: =F6+D7-E7 -> 125000
A8: =IF(OR(取引入力!$B7="現金", 取引入力!G7="現金"), 取引入力!$A7, "") -> 46050 | B8: =IF(OR(取引入力!$B7="現金", 取引入力!G7="現金"), IF(取引入力!$B7="現金", 取引入力!G7, 取引入力!$B7), "") -> 消耗品費 | C8: =IF(OR(取引入力!$B7="現金", 取引入力!G7="現金"), 取引入力!$D7, "") -> A商店消耗品購入 | D8: =IF(取引入力!$B7="現金", 取引入力!$E7, "0") -> 0 | E8: =IF(取引入力!G7="現金", 取引入力!$F7, "0") -> 25000 | F8: =F7+D8-E8 -> 100000
A9: =IF(OR(取引入力!$B8="現金", 取引入力!G8="現金"), 取引入力!$A8, "") -> 46078 | B9: =IF(OR(取引入力!$B8="現金", 取引入力!G8="現金"), IF(取引入力!$B8="現金", 取引入力!G8, 取引入力!$B8), "") -> 材料費 | C9: =IF(OR(取引入力!$B8="現金", 取引入力!G8="現金"), 取引入力!$D8, "") -> 材料費購入 B社 | D9: =IF(取引入力!$B8="現金", 取引入力!$E8, "0") -> 0 | E9: =IF(取引入力!G8="現金", 取引入力!$F8, "0") -> 10000 | F9: =F8+D9-E9 -> 90000
A10: =IF(OR(取引入力!$B9="現金", 取引入力!G9="現金"), 取引入力!$A9, "") -> 46081 | B10: =IF(OR(取引入力!$B9="現金", 取引入力!G9="現金"), IF(取引入力!$B9="現金", 取引入力!G9, 取引入力!$B9), "") -> 消耗品費 | C10: =IF(OR(取引入力!$B9="現金", 取引入力!G9="現金"), 取引入力!$D9, "") -> A商店消耗品購入 | D10: =IF(取引入力!$B9="現金", 取引入力!$E9, "0") -> 0 | E10: =IF(取引入力!G9="現金", 取引入力!$F9, "0") -> 25000 | F10: =F9+D10-E10 -> 65000
